Celery, chaotic female sylph Rogue ------ |`....| g g g Q ; g |.---.|g------- ; g ------- |.|...| |.....|-----------------------------------------------|%)(..| |.|.|.|}|..O..+................)..............................-.%...| H |.|_|.|}-------------------------------|----------------------------- |.|.--|}}}}}}|....)...|.(....................|.......-.-[[[[..[| |.|...|.....}|))......|..........|...........|.....%.|%|[[[..[[| s |.|--.|.....}|.)......|----------|)_/........|--------|--------| Y |.|..^|...l.#.(.......-g.g......g*g.......(\(-.^N.H^...^...^..^+ C |.|.---.....}|........|----------|*g.........|--------%--------| |.|...H.....}|........|.........)|hN....([[..|.......|%|)))))).| |.-----}}}}}}|........|.....(...)EgH..)).[...|....%..-.-))))..)| |`....|}-------------------------------|----------------------------- ^ -----.|}|.....-...%)....................)............... -.....| |...|[| |.....|----------------------------------------- | |.-%-.| ------- ; ; g g ; |..%<.| g g g ------- Celery the Filcher Experience level: 22 Strength: 17 Dexterity: 20 Constitution: 17 Intelligence: 3 Wisdom: 11 Charisma: 9 Health: 189(215) Energy: 113(118) Def: 12 Gold: 0 Moves: 34882 Dungeon seed: WhYrTNInev5cOqnJ Game ID: Celery_1470749301 Your Inventory: Amulets o - a blessed amulet of life saving S - a blessed amulet of reflection (being worn) Weapons p - 8 blessed +2 daggers (in quiver) K - the blessed rustproof +5 Valerian (weapon in hand) Armor g - an uncursed +0 pair of low boots h - an uncursed +0 pair of low boots i - a blessed fireproof +3 cloak of magic resistance (being worn) q - a blessed +1 pair of low boots r - an uncursed +0 pair of low boots t - an uncursed +0 plate mail u - an uncursed +0 plate mail x - an uncursed +0 ring mail y - an uncursed +0 pair of low boots z - an uncursed +0 pair of low boots A - a blessed fireproof +3 Hawaiian shirt (being worn) B - an uncursed +0 small shield C - a cursed -3 small shield J - an uncursed +0 small shield L - a blessed fireproof +4 small shield (being worn) N - a blessed +0 pair of low boots O - an uncursed +0 small shield P - an uncursed +0 small shield Y - a blessed +3 pair of low boots Scrolls Z - 3 uncursed scrolls of identify Rings k - a blessed ring of free action m - an uncursed ring of polymorph control v - a blessed +1 ring of gain strength (on right hand) D - a blessed ring of slow digestion (on left hand) E - an uncursed ring of cold resistance M - an uncursed ring of shock resistance Wands b - an uncursed wand of polymorph (0:6) j - an uncursed wand of death (0:5) H - an uncursed wand of wishing (1:1) Q - an uncursed wand of cancellation (0:5) Tools e - a blessed +0 unicorn horn f - the blessed Master Key of Thievery l - an uncursed towel w - an uncursed magic whistle F - an uncursed skeleton key I - the uncursed Bell of Opening (0:3) X - a blessed magic lamp (lit) Gems n - a blessed touchstone G - a blessed luckstone Spells and supernatural/magical abilities: Name Level Category Fail Memory a - force bolt 1 attack 83% 34% h - healing 1 healing 83% 95% i - invisibility 4* escape 100% 0% j - jumping 1 escape 83% 98% k - knock 1 matter 83% 98% l - light 1 divination 83% 34% m - magic missile 2 attack 83% 34% n - detect monsters 1 divination 83% 98% p - protection 1 clerical 83% 35% r - remove curse 3 clerical 98% 37% w - wizard lock 2 matter 83% 32% x - extra healing 3 healing 83% 22% z - sleep 1 enchantment 83% 35% A - create familiar 6 clerical 100% 80% E - detect food 2 divination 83% 98% G - detect treasure 4 divination 69% 33% H - haste self 3 escape 98% 84% I - identify 3 divination 83% 98% K - cure sickness 3 healing 83% 34% L - levitation 4 escape 100% 35% O - create monster 2 clerical 83% 35% P - polymorph 6 matter 100% 32% R - restore ability 4 healing 93% 90% S - stone to flesh 3 healing 83% 3% U - detect unseen 3 divination 83% 33% W - pray for help -- divine ? -- Your skills at the end: Miscellaneous Skills shield [Basic] wands [Skilled] Weapon Skills dagger [Expert] short sword [Basic] Spellcasting Skills healing spells [Basic] divination spells [Skilled] Final Attributes: You were piously aligned. You were fire resistant. You were sleep resistant. You were poison resistant. You were magic-protected. You saw invisible. You were telepathic. You were warned. You had automatic searching. You had infravision. You were sensing the presence of monsters. You were invisible to others. You were displaced. You were stealthy. You had teleport control. You had slower digestion. You were protected from shape changers. You were fast. You had reflection. You were extremely lucky. You had extra luck. Good luck did not time out for you. You are dead. Vanquished creatures: a blood pudding Medusa 3 iron golems 2 titans a deep ettin a purple worm 3 gray dragons a silver dragon a black dragon 6 blue dragons a green dragon 4 minotaurs The Master Assassin a baluchitherium a demilich an Olog-hai a hell hound 29 baby blue dragons 32 guardian nagas a vampire lord a captain 4 liches 2 water trolls 2 clay golems a nurse 2 Aleaxes a frost giant 4 golden nagas 6 black puddings a vampire 7 ghosts 2 ettins 5 lieutenants a queen bee 3 giant mimics 2 fire giants 2 rock trolls 4 umber hulks a flesh golem a doppelganger 2 large mimics 2 long worms 6 stalkers 2 fire elementals 2 water elementals a giant mummy a black naga a xorn an elf-lord 15 sergeants 2 water demons a winter wolf 9 small mimics 3 island nymphs 6 warhorses 3 xans 2 quantum mechanics 20 trolls a sasquatch a wood golem 5 sharks a pyrolisk a freezing sphere 2 flaming spheres 3 shocking spheres a tiger 4 gargoyles 4 dwarf kings 3 tengu 3 gelatinous cubes 4 ochre jellies 15 chameleons a crocodile a leocrotta an energy vortex 2 giants an elf mummy a human mummy 3 red nagas 3 pit vipers a python 2 cobras 3 wraiths an ettin zombie a leather golem a Grey-elf 74 soldiers 3 incubi 2 giant beetles 30 cockatrices 2 wolves 6 winter wolf cubs 2 gremlins 83 leprechauns a spotted jelly 3 lizards 9 mountain nymphs an orc-captain a mumak 9 giant spiders 3 scorpions an iron piercer 2 ice vortices a black light 2 vampire bats a forest centaur a gnome king an orc mummy 2 dwarf mummies 2 ogres 2 brown puddings 3 rust monsters 3 owlbears 4 yetis 5 gold golems 2 werewolves 2 Green-elves 5 giant eels 4 thugs a chickatrice a dog 3 dingos a housecat a jaguar 3 dwarf lords 4 blue jellies 28 water nymphs a white unicorn 4 dust vortices 6 ravens a plains centaur 2 gnome mummies 2 snakes 8 water moccasins 10 apes a human zombie 2 Woodland-elves 2 soldier ants 4 fire ants a bugbear 2 imps a quasit 2 baby crocodiles 9 wood nymphs 7 Mordor orcs 2 Uruk-hai 3 orc shamans 5 rock moles 7 rock piercers 2 ponies 2 fog clouds 4 yellow lights 4 shriekers 2 violet fungi 16 gnome lords 5 gnomish wizards a kobold mummy a black naga hatchling 2 golden naga hatchlings 2 guardian naga hatchlings 10 gray oozes 2 barrow wights 5 elf zombies 3 ghouls 2 straw golems a paper golem 3 jellyfish 9 giant ants a little dog 6 floating eyes 4 kittens 14 dwarves 2 homunculi a kobold lord 2 kobold shamans 6 iguanas 27 hill orcs 14 rothes 3 centipedes 2 giant bats 8 monkeys 11 orc zombies a dwarf zombie 6 wererats a werejackal 41 killer bees a coyote 3 gas spores 6 hobbits 9 acid blobs a large kobold 11 geckos a hobgoblin 6 giant rats 3 cave spiders 2 brown molds 4 green molds 5 red molds 45 gnomes 12 garter snakes 6 manes 2 gnome zombies 12 jackals a fox 3 kobolds 18 newts 3 goblins 11 sewer rats 17 grid bugs 2 bats 11 lichens 5 kobold zombies 1115 creatures vanquished. Genocided species: small mimics large mimics giant mimics 3 species genocided. Voluntary challenges: You were vegetarian. You had followed a strict vegan diet until turn 2641. You used a wielded weapon 2312 times, starting on turn 212. You read items or engraved 326 times, starting on turn 277. You genocided 3 types of monsters, starting on turn 25995. You polymorphed 109 items, starting on turn 4060. You changed form 4 times, starting on turn 3533. You cheated 1 time but completed Sokoban on turn 9084. You used no wishes. You split 8 puddings, starting on turn 30093. You wrote Elbereth's name 1 time, starting on turn 27781. You never violated your personal moral code. Dungeon overview: The Dungeons of Doom: levels 1 to 30 Level 1 a long staircase Level 2 a general store, a fountain Level 3 some fountains stairs to The Gnomish Mines Level 4 a fountain Level 5 Level 6 many fountains Level 7 an altar to Mog stairs to Sokoban Level 8 Level 9 some altars to Issek and Kos Level 10 a bookstore Level 11 Level 12 portal to The Quest Level 13 Level 14 Level 15 an armor shop Level 16 a fountain Level 17 Level 18 Level 19 (lots of books) an altar to Mog, a fountain Level 20 a jewelry store Level 21 Level 22 Level 23 Level 24 Level 25 Level 26 Level 27 Level 28 Level 29 some fountains Level 30 <- You were here a magic chest, a throne The Gnomish Mines: levels 4 to 11 Level 4 stairs to The Dungeons of Doom Level 5 Level 6 Level 7 many shops, a temple to Issek, a magic chest, some fountains Level 8 Level 9 Level 10 Level 11 many altars to Moloch, a magic chest, some fountains The Quest: levels 1 to 6 Level 1 a magic chest portal to The Dungeons of Doom Level 2 Level 3 Level 4 Level 5 Level 6 Sokoban: levels 3 to 6 Level 3 a magic chest Level 4 Level 5 Level 6 a magic chest stairs to The Dungeons of Doom History has recorded: On T:1 you entered the Dungeons of Doom to retrieve the Amulet of Yendor! On T:444 you reached level 2 of The Dungeons of Doom. On T:752 you reached level 3 of The Dungeons of Doom. On T:816 you advanced to experience level 2. On T:1493 you advanced to experience level 3. On T:1694 you reached level 1 of The Gnomish Mines. On T:1713 you advanced to experience level 4. On T:1762 you advanced to experience level 5. On T:2211 you reached level 2 of The Gnomish Mines. On T:2244 you advanced to experience level 6. On T:2783 you reached level 3 of The Gnomish Mines. On T:2891 you reached level 5 of The Gnomish Mines. On T:2941 you advanced to experience level 7. On T:3342 you reached level 4 of The Gnomish Mines. On T:3393 you entered the Minetown temple On T:3423 you opened a magic chest. On T:3473 you opened a magic chest. On T:3476 you opened a magic chest. On T:4105 you opened a magic chest. On T:4173 you opened a magic chest. On T:4434 you reached level 4 of The Dungeons of Doom. On T:4730 you reached level 5 of The Dungeons of Doom. On T:5038 you reached level 6 of The Dungeons of Doom. On T:5125 you advanced to experience level 8. On T:5528 you reached level 7 of The Dungeons of Doom. On T:5850 you reached level 8 of The Dungeons of Doom. On T:6149 you reached level 4 of Sokoban. On T:6357 you opened a magic chest. On T:6357 you opened a magic chest. On T:6532 you reached level 3 of Sokoban. On T:7087 you reached level 2 of Sokoban. On T:7790 you reached level 1 of Sokoban. On T:9084 you entered the Sokoban zoo. On T:9161 you opened a magic chest. On T:9163 you opened a magic chest. On T:9166 you opened a magic chest. On T:9820 you advanced to experience level 9. On T:9820 you received advice from The Oracle. On T:9820 you advanced to experience level 10. On T:10649 you opened a magic chest. On T:10878 you reached level 6 of The Gnomish Mines. On T:11253 you reached level 7 of The Gnomish Mines. On T:11494 you reached level 8 of The Gnomish Mines. On T:11494 you reached the bottom of the Mines. On T:11940 you opened a magic chest. On T:11986 you opened a magic chest. On T:12042 you opened a magic chest. On T:12082 you opened a magic chest. On T:12082 you opened a magic chest. On T:12101 you opened a magic chest. On T:12102 you opened a magic chest. On T:12105 you opened a magic chest. On T:12749 you opened a magic chest. On T:13801 you reached level 9 of The Dungeons of Doom. On T:14602 you received Valerian from Kos. On T:14686 you reached level 10 of The Dungeons of Doom. On T:15546 you reached level 11 of The Dungeons of Doom. On T:16260 you reached level 12 of The Dungeons of Doom. On T:17046 you reached level 1 of The Quest. On T:18240 you reached level 13 of The Dungeons of Doom. On T:18714 you reached level 14 of The Dungeons of Doom. On T:18935 you advanced to experience level 11. On T:18942 you advanced to experience level 12. On T:19092 you reached level 15 of The Dungeons of Doom. On T:19476 you reached level 16 of The Dungeons of Doom. On T:19844 you reached level 17 of The Dungeons of Doom. On T:20343 you reached level 18 of The Dungeons of Doom. On T:20610 you reached level 19 of The Dungeons of Doom. On T:21061 you advanced to experience level 13. On T:21916 you reached level 20 of The Dungeons of Doom. On T:21958 you reached level 23 of The Dungeons of Doom. On T:21977 you reached level 22 of The Dungeons of Doom. On T:21987 you reached level 21 of The Dungeons of Doom. On T:22859 you opened a magic chest. On T:22860 you opened a magic chest. On T:22883 you opened a magic chest. On T:22884 you opened a magic chest. On T:22884 you opened a magic chest. On T:22900 you opened a magic chest. On T:22948 you opened a magic chest. On T:22953 you opened a magic chest. On T:22956 you opened a magic chest. On T:22956 you opened a magic chest. On T:22958 you opened a magic chest. On T:24384 you advanced to experience level 14. On T:24749 you embarked upon an epic quest. On T:24752 you opened a magic chest. On T:24814 you reached level 2 of The Quest. On T:25163 you reached level 3 of The Quest. On T:25826 you advanced to experience level 15. On T:25922 you reached level 4 of The Quest. On T:25975 you advanced to experience level 16. On T:25976 you advanced to experience level 17. On T:26188 you advanced to experience level 18. On T:26212 you reached level 5 of The Quest. On T:26483 you reached level 6 of The Quest. On T:28163 you killed Master Assassin on level 6 of The Quest. On T:28168 you advanced to experience level 21. On T:29078 you completed the quest! On T:29081 you opened a magic chest. On T:29084 you opened a magic chest. On T:29086 you opened a magic chest. On T:30204 you reached level 24 of The Dungeons of Doom. On T:30292 you advanced to experience level 22. On T:30480 you killed Medusa on level 24 of The Dungeons of Doom. On T:30538 you reached level 25 of The Dungeons of Doom. On T:31034 you reached level 26 of The Dungeons of Doom. On T:31553 you reached level 27 of The Dungeons of Doom. On T:32306 you reached level 28 of The Dungeons of Doom. On T:32836 you reached level 29 of The Dungeons of Doom. On T:33373 you reached The Castle. On T:33719 you opened a magic chest. On T:33723 you opened a magic chest. On T:33727 you opened a magic chest. On T:34420 you opened a magic chest. On T:34502 you opened a magic chest. On T:34546 you opened a magic chest. On T:34730 you opened a magic chest. Score breakdown: Gold: 0 ( 0 points) Experience: 22 levels ( 2000 points) Exploration: 30 levels ( 870 points) Discoveries: 167 items ( 2000 points) Variety of kills: 212 monsters ( 2000 points) Major goal: finished the Quest ( 2000 points) Survival: died (score multiplied by 3) Total score: 26610 Latest messages: The master mind flayer punches you! The master mind flayer's tentacles suck you! Your brain is eaten! You feel very stupid! The master mind flayer's tentacles suck you! Your brain is eaten! You feel stupid! The master mind flayer's tentacles suck you! Your brain is eaten! You feel stupid! The master mind flayer's tentacles suck you! Your brain is eaten! You feel stupid! The master mind flayer's tentacles suck you! Your brain is eaten! You feel stupid! The gremlin bumps right into you! You stab the master mind flayer! The master mind flayer concentrates. A wave of psychic energy pours over you! It locks on to your telepathy! It locks on to the storm giant. The master mind flayer punches you! The master mind flayer's tentacles suck you! Your brain is eaten! Your last thought fades away. Final status: Goodbye Celery the Rogue, killed by brainlessness... You died in The Dungeons of Doom on dungeon level 30 with 26610 points, and 0 pieces of gold, after 34882 moves. You were level 22 with a maximum of 215 hit points when you died.